 Dungeon Crawl Stone Soup version 0.15.1-1-gfacfea3 (webtiles) character file.

65 CrazyArbalest the Sneak (level 3, -1/16 HPs)
             Began as a Spriggan Enchanter on Sept 21, 2014.
             Shot with an arrow by a centaur (8 damage)
             ... on Level 3 of the Dungeon.
             The game lasted 00:06:37 (2212 turns).

CrazyArbalest the Sneak (Spriggan Enchanter)        Turns: 2212, Time: 00:06:37

HP  -1/16        AC  9     Str  5      XL: 3   Next: 94%
MP  11/11        EV 19     Int 16      God:
Gold 94          SH  0     Dex 16      Spells:  1 memorised,  7 levels left

rFire  . . .     SeeInvis +     f - +2 dagger (protect)
rCold  . . .     Clarity  .     b - +1 robe
rNeg   . . .     rCorr    .     (shield restricted)
rPois  .         rRot     .     (helmet restricted)
rElec  .         Spirit   .     i - +0 cloak (curse)
SustAb .         Warding  .     (gloves unavailable)
rMut   .         Stasis   .     (boots unavailable)
Gourm  .                        (no amulet)
MR     .....                    (no ring)
                                (no ring)

@: very quick, not resistant to hostile enchantments, fairly stealthy
A: unfitting armour, see invisible, herbivore 3, speed 3, slow metabolism 2
a: no special abilities


You were on level 3 of the Dungeon.
You were not hungry.

You visited 1 branch of the dungeon, and saw 3 of its levels.

You collected 94 gold pieces.

Inventory:

Hand weapons
 a - a +1 dagger
 f - a +2 dagger of protection (weapon)
Armour
 b - a +1 robe (worn)
 i - a cursed +0 cloak (worn)
Magical devices
 p - a wand of flame (18) {unknown}
Comestibles
 l - a bread ration
 o - 4 fruits
Scrolls
 e - a scroll of enchant armour {unknown}
 g - 3 scrolls of identify {unknown}
 h - 2 scrolls of recharging {unknown}
 j - a scroll of noise {unknown}
 k - a scroll of teleportation {unknown}
 m - 2 scrolls of random uselessness {unknown}
 n - a scroll of amnesia {unknown}
 r - a scroll of remove curse {unknown}
Potions
 d - a potion of porridge
 q - a potion of poison {unknown}
Books
 c - a book of Maledictions

   Spells                             Type                      Level
   *Corona                            Hexes                        1
   Sure Blade                         Hexes/Charms                 2
   Ensorcelled Hibernation            Hexes/Ice                    2
   Confuse                            Hexes                        3
   Dazzling Spray                     Conjuration/Hexes            3
   Enslavement                        Hexes                        4


   Skills:
 + Level 0.1 Fighting
 + Level 1.3 Short Blades
 + Level 4.0 Dodging
 + Level 5.2 Stealth
 + Level 3.1 Spellcasting
 + Level 4.4 Hexes


You had 7 spell levels left.
You knew the following spells:

 Your Spells              Type           Power        Failure   Level  Hunger
a - Corona                Hex            ###....      3%          1    None


Dungeon Overview and Level Annotations

Branches:
Dungeon (3/15)

Altars:


Innate Abilities, Weirdness & Mutations

You are tiny and cannot use many weapons and most armour.
You have supernaturally acute eyesight.
You are a herbivore.
You cover ground extremely quickly.
You need consume almost no food.


Message History

You see here an arrow.
A goblin and an orc come into view.
Found 2 cyan potions.
The centaur unwields an uncursed shortbow.
The centaur misses you.
You barely miss the centaur. The centaur barely misses you.
You hit the centaur.
The centaur is lightly wounded.
The orc shouts!
The centaur completely misses you.
You hit the centaur but do no damage.
The centaur is lightly wounded.
The centaur hits you!
Ouch! That really hurt!
The goblin misses you. The centaur completely misses you.
The goblin closely misses you.
The centaur wields an uncursed shortbow.
The centaur shoots an arrow.
The arrow hits you!
Ouch! That really hurt!
You die...

........
#####........
...............
...............#
...............#
........?.......#
#cg.o...####
#..####......
######
#(..@.....?..
.....#
##.....#.##..
.....#######
#.....#
)).........#
#>....#
.....#####.#
#.....# .....#
#.# #.....#
.....#
#.###.....#
.....#
#.........#
.....#
####......#


You could see a centaur.

Vanquished Creatures
  Jessica (D:2)
  An adder (D:2)
  A worm (D:2)
  A giant gecko (D:1)
  2 bats
  4 giant cockroaches (D:1)
  4 hobgoblins
  A ball python (D:2)
  A giant newt (D:1)
  4 goblins
  8 kobolds
  3 rats
31 creatures vanquished.

Notes
Turn   | Place    | Note
--------------------------------------------------------------
     0 | D:1      | CrazyArbalest, the Spriggan Enchanter, began the quest for the Orb.
     0 | D:1      | Reached XP level 1. HP: 9/9 MP: 4/4
   380 | D:1      | Reached XP level 2. HP: 10/13 MP: 7/7
   785 | D:2      | Noticed Jessica
  1167 | D:2      | Killed Jessica
  1167 | D:2      | Reached XP level 3. HP: 13/16 MP: 11/11
  1290 | D:2      | Reached skill level 5 in Stealth
  2201 | D:3      | Noticed a centaur
  2212 | D:3      | Shot with an arrow by a centaur

Action                   || total
-------------------------++-------
Melee: Dagger            ||   161
 Stab: Sleeping          ||     6
